 Dungeon Crawl Stone Soup version 0.26-a0-1102-g347fe5baa7 (webtiles) character file.

Game seed: 10505722823782553886

8581 Anias the Tainter (level 11, -8/74 HPs)
             Began as an Octopode Wanderer on Dec 12, 2020.
             Was a Priest of Vehumet.
             Mangled by a vampire (11 damage)
             ... on level 8 of the Dungeon on Dec 16, 2020.
             The game lasted 00:51:38 (9637 turns).

Anias the Tainter (Octopode Wanderer)               Turns: 9637, Time: 00:51:38

Health: -8/74      AC:  5    Str: 12    XL:     11   Next: 33%
Magic:  24/29      EV: 16    Int: 18    God:    Vehumet [***...]
Gold:   547        SH:  5    Dex: 11    Spells: 11/22 levels left

rFire    . . .     SeeInvis .   p - staff of poison
rCold    . . .     Faith    .   l - +0 buckler
rNeg     . . .     Spirit   .   (helmet restricted)
rPois    +         Reflect  .   n - amulet of regeneration
rElec    .         Harm     .   e - ring of magical power
rCorr    +         Rampage  .   f - +4 ring of protection
Will     .....                  h - ring of resist corrosion
Stlth    ++........             q - ring of wizardry
HPRegen  0.62/turn              B - ring of poison resistance
MPRegen  0.21/turn              (no ring)
                                (no ring)
                                (no ring)

@: brilliant, lethally poisoned (-8 -> -8)
A: almost no armour, stealthy swim, amphibious, 8 rings, constrict 8, camouflage
1, gelatinous body 1
a: Renounce Religion


You were on level 8 of the Dungeon.
You worshipped Vehumet.
Vehumet was most pleased with you.
You visited 2 branches of the dungeon, and saw 10 of its levels.
You also visited: Sewer and Bailey.

You collected 547 gold pieces.

Inventory:

Hand Weapons
 z - a +2 flail of holy wrath
 G - the +9 longbow of Johiy {flame, Int+4 Dex-4 SInv}
   (You found it in a bailey)

   It causes projectiles fired from it to burn those they strike, causing extra
   injury to most foes and up to half again as much damage against particularly
   susceptible opponents.
   It affects your intelligence (+4).
   It affects your dexterity (-4).
   It lets you see invisible.
Missiles
 F - 2 throwing nets (quivered)
Armour
 l - a +0 buckler (worn)
Magical Staves
 p - an uncursed staff of poison (weapon)
Jewellery
 e - a ring of magical power (left tentacle)
 f - a +4 ring of protection (right tentacle)
 h - a ring of resist corrosion (on tentacle)
 n - an amulet of regeneration (around mantle)
 q - a ring of wizardry (on tentacle)
 B - a ring of poison resistance (on tentacle)
Wands
 v - a wand of random effects (2)
Scrolls
 a - 8 scrolls of identify
 b - 2 scrolls of acquirement {unknown}
 c - 8 scrolls of remove curse
 i - 6 scrolls of teleportation
 j - 3 scrolls of amnesia
 k - a scroll of immolation
 m - 2 scrolls of fog
 s - 3 scrolls of blinking {unknown}
 t - 2 scrolls of fear
 w - a scroll of magic mapping {unknown}
 y - 3 scrolls of enchant weapon
 A - a scroll of noise {unknown}
Potions
 d - a potion of attraction {unknown}
 g - 3 potions of haste
 o - a potion of lignification {unknown}
 r - a potion of resistance {unknown}
 u - 7 potions of flight
 x - 2 potions of might
 C - a potion of berserk rage {unknown}
 D - a potion of ambrosia {unknown}
 E - a potion of brilliance
 H - a potion of cancellation {unknown}
 I - a potion of magic {unknown}


   Skills:
 + Level 6.7 Fighting
 + Level 4.1 Staves
 - Level 1.0 Throwing
 + Level 7.0 Dodging
 + Level 6.2 Shields
 + Level 6.4 Spellcasting
 + Level 4.1 Conjurations
 + Level 8.8 Poison Magic
 + Level 7.3 Evocations


You had 11 spell levels left.
You knew the following spells:

 Your Spells              Type           Power        Failure   Level
a - Sting                 Tmut/Pois      ####         1%          1
b - Olgreb's Toxic Radia  Pois           ######..     1%          4
c - Mephitic Cloud        Conj/Pois/Air  #####...     1%          3
d - Spider Form           Tmut/Pois      #####.....   2%          3

Your spell library contained the following spells:

 Spells                   Type           Power        Failure   Level
 Inner Flame              Hex/Fire       #.......     4%          3
 Poisonous Vapours        Pois/Air       #####.       1%          2
 Ignite Poison            Fire/Tmut/Pois #####...     1%          3
 Beastly Appendage        Tmut           #.....       4%          1
 Wereblood                Tmut           #.......     7%          2
 Ice Form                 Ice/Tmut       #.......     41%         4
 Blade Hands              Tmut           #.........   75%         5


Dungeon Overview and Level Annotations

Branches:
Dungeon (9/15)             Temple (1/1) D:7           Sewer (visited)
 Bailey (visited)
   Lair: D:8-11         Orc: D:9-12

Altars:
Ashenzari
Dithmenos
Elyvilon
Fedhas
Gozag
Hepliaklqana
Kikubaaqudgha
Makhleb
Nemelex Xobeh
Okawaru
Qazlal
Ru
Sif Muna
Trog
Uskayaw
Vehumet
Wu Jian
Xom
Yredelemnul
Zin
The Shining One

Annotations:
D:3 1 runed translucent door, SkeletonJelly's ghost, novice DsFi


Innate Abilities, Weirdness & Mutations

You cannot wear most types of armour.
You are very stealthy in the water. (Stealth+)
You are amphibious.
You can wear up to eight rings at the same time.
You can use your tentacles to constrict eight enemies at once.
Your skin changes colour to match your surroundings (Stealth+).
Your rubbery body absorbs attacks. (AC +1, EV +1)


Message History

Something draws strength from your injuries!
You hit something.
Your toxic aura wanes.
Something hits you! Something bites you.
* * * LOW HITPOINT WARNING * * *
Something draws strength from your injuries!
You hit something. Something barely misses you. x2
It was a potion of brilliance.
You feel clever all of a sudden.
You feel sick. Something hits you!
* * * LOW HITPOINT WARNING * * *
Something bites you.
* * * LOW HITPOINT WARNING * * *
Something draws strength from your injuries!
You closely miss something. Something hits you but does no damage.
Something bites you.
* * * LOW HITPOINT WARNING * * *
Something draws strength from your injuries!
You closely miss something. You squeeze something. Something hits you!
You die...

#...# #.#..#...###.## #.....#
#...# #.#......####.# #####)#
#...# ###.........###.##### #)#
#...###...........#.......# #.#
#()......#........#.......# #)#
.........#..#.....#.......# #.#
............#.............# #[#
.........#..#.#{†##.......# #.#
#..........#####@##.......# ##.#
#.....####.....#.##.......# ##.#.
......#[...###.############ #.###
#...#.#.##.###.# ##.#.
#...#.#.#...##.################.#
##.#......_....(......(.......#.#
##...#.##...#.#...#.##..#####.#.#
##...#.###.##.#.#....#..#####.#.#
##...#.###....#.#...............#


There were no monsters in sight!

Vanquished Creatures
  An orc warlord (Bailey)
  A two-headed ogre (D:8)
  An orc knight (Bailey)
  Psyche (D:8)
  Maggie (D:8)
  A hornet (D:7)
  Menkaure (D:4)
  Edmund (D:4)
  A water moccasin (D:7)
  A phantom (D:7)
  16 orc warriors
  Purgy (Sewer)
  An ice beast (D:8)
  3 ogres
  5 centaurs
  A big kobold (D:8)
  6 bullfrogs
  4 scorpions
  2 killer bees (D:8)
  8 wights
  2 electric eels (D:6)
  3 howler monkeys (D:7)
  A centaur zombie (D:6)
  A quasit (D:7)
  A bullfrog skeleton (D:8)
  7 hounds
  5 jellies
  An orc priest (D:8)
  2 bullfrog zombies
  A centaur skeleton (D:4)
  5 orc wizards
  An iguana (D:8)
  4 worker ants
  2 hound skeletons
  A worker ant zombie (D:7)
  17 gnolls
  2 howler monkey skeletons
  11 adders
  A shadow imp (D:7)
  An ufetubus (D:7)
  An ooze (D:3)
  3 adder skeletons
  4 worms
  A dart slug (D:2)
  10 leopard geckos
  40 orcs
  7 bats
  10 giant cockroaches
  27 hobgoblins
  12 jackals
  14 kobolds
  4 quokkas
  6 ball pythons
  8 frilled lizards
  24 goblins
  2 leopard gecko skeletons
  12 rats
311 creatures vanquished.

Vanquished Creatures (others)
  An adder (D:6)
  11 plants
12 creatures vanquished.

Grand Total: 323 creatures vanquished

Notes
Turn   | Place    | Note
-------+----------+-------------------------------------------
     0 | D:1      | Anias the Octopode Wanderer began the quest for the Orb.
     0 | D:1      | Anias set off with the following items: a +0 spear, a
                  | potion of curing; and the following spell memorised: Sting;
                  | and the following spells available to memorise: Poisonous
                  | Vapours, Ignite Poison, Mephitic Cloud, Olgreb's Toxic
                  | Radiance
     0 | D:1      | Reached XP level 1. HP: 13/13 MP: 3/3
   154 | D:1      | Reached XP level 2. HP: 18/18 MP: 5/5
   815 | D:1      | Reached skill level 4 in Poison Magic
   897 | D:1      | Reached XP level 3. HP: 24/24 MP: 6/6
  1359 | D:2      | Reached XP level 4. HP: 29/29 MP: 7/7
  2211 | D:3      | Reached XP level 5. HP: 34/34 MP: 8/8
  2423 | D:3      | Found a glowing drain.
  2451 | Sewer    | Entered a sewer
  2557 | Sewer    | Noticed Purgy
  2579 | Sewer    | Killed Purgy
  2580 | Sewer    | Reached skill level 1 in Shields
  2580 | Sewer    | Reached XP level 6. HP: 41/41 MP: 9/10
  2987 | D:3      | Reached skill level 5 in Poison Magic
  3123 | D:3      | Learned a level 4 spell: Olgreb's Toxic Radiance
  3337 | D:3      | Found a runed translucent door.
  3338 | D:3      | Noticed SkeletonJelly's ghost (novice DsFi)
  3548 | D:4      | Noticed Menkaure
  3552 | D:4      | Killed Menkaure
  3553 | D:4      | Reached XP level 7. HP: 30/46 MP: 12/12
  3821 | D:4      | Noticed Edmund
  3835 | D:4      | Killed Edmund
  4003 | D:5      | Entered Level 5 of the Dungeon
  4381 | D:5      | Reached XP level 8. HP: 36/54 MP: 8/13
  4721 | D:5      | Found a sacrificial altar of Ru.
  4744 | D:5      | Reached skill level 6 in Poison Magic
  5492 | D:6      | Reached XP level 9. HP: 33/59 MP: 15/15
  5501 | D:6      | Reached skill level 5 in Dodging
  5501 | D:6      | Reached skill level 5 in Evocations
  5940 | D:6      | Reached skill level 7 in Poison Magic
  6229 | D:6      | Learned a level 3 spell: Mephitic Cloud
  6238 | D:6      | Reached skill level 5 in Fighting
  6521 | D:7      | Found a hazy altar of Hepliaklqana.
  6623 | D:7      | Noticed a hornet
  6631 | D:7      | Paralysed by a hornet for 1 turns
  6637 | D:7      | Killed a hornet
  6638 | D:7      | Reached skill level 5 in Spellcasting
  6702 | D:7      | Reached skill level 1 in Conjurations
  6717 | D:7      | Found a radiant altar of Vehumet.
  6728 | D:7      | Reached skill level 1 in Staves
  7120 | D:7      | Found a staircase to the Ecumenical Temple.
  7130 | Temple   | Entered the Ecumenical Temple
  7906 | D:7      | Reached XP level 10. HP: 66/66 MP: 17/18
  7993 | D:7      | Reached skill level 5 in Shields
  8204 | D:7      | Became a worshipper of Vehumet
  8279 | D:8      | Learned a level 3 spell: Spider Form
  8379 | D:8      | Noticed Psyche
  8389 | D:8      | Killed Psyche
  8540 | D:8      | Found a shimmering blue altar of Sif Muna.
  8616 | D:8      | Noticed Maggie
  8631 | D:8      | Killed Maggie
  8632 | D:8      | Reached skill level 8 in Poison Magic
  8707 | D:8      | Found a flagged portal.
  8717 | Bailey   | Entered a bailey
  8729 | Bailey   | Reached * piety under Vehumet
  8729 | Bailey   | Offered knowledge of Sandblast by Vehumet.
  8874 | Bailey   | Reached ** piety under Vehumet
  8969 | Bailey   | Offered knowledge of Freeze by Vehumet.
  9028 | Bailey   | Noticed an orc warlord
  9028 | Bailey   | Noticed an orc knight
  9040 | Bailey   | Killed an orc knight
  9041 | Bailey   | Reached XP level 11. HP: 6/73 MP: 8/20
  9048 | Bailey   | Killed an orc warlord
  9086 | Bailey   | Got a transparent longbow
  9087 | Bailey   | Identified the +9 longbow of Johiy {flame, Int+4 Dex-4
                  | SInv} (You found it in a bailey)
  9231 | D:8      | Offered knowledge of Inner Flame by Vehumet.
  9296 | D:8      | Noticed a two-headed ogre
  9315 | D:8      | Killed a two-headed ogre
  9613 | D:8      | Upgraded the game from 0.26-a0-1053-gaff5f71418 to
                  | 0.26-a0-1102-g347fe5baa7
  9625 | D:9      | Noticed a cyclops
  9630 | D:8      | Reached *** piety under Vehumet
  9636 | D:8      | HP: 2/74 [something (6)]
  9637 | D:8      | Mangled by a vampire

Illustrated notes

Levels and vault maps discovered:
D:1:      lightli_iron_boxes, layout_basic, minivault_4, serial_bayou_ford_a
D:2:      layout_basic
D:3:      wander_river, layout_loops_cross, portal_sewer_entry_f,
          ebering_ghost_sewer_d
D:4:      layout_loops_cross, uniq_menkaure, uniq_edmund
D:5:      layout_loops_corners, kennysheep_pointless_box,
          nicolae_ru_path_of_blood
D:6:      layout_gridville, serial_bayou, serial_bayou_lagoon_b,
          serial_bayou_pond_e, serial_bayou_pond_a, serial_bayou_pond_b
D:7:      layout_gridville, lemuel_doored_altar, overflow_temple_1_default,
          minmay_temple_entry_ruins
D:8:      layout_loops_cross, nicolae_overflow_crystal_walls, enter_bailey_5,
          uniq_psyche, uniq_maggie
D:9:      layout_rooms, cheibriados_altar_1, nrook_campfire,
          hangedman_minor_gate_pass
Temple:   dpeg_five_rooms_temple

Skill      XL: |  1  2  3  4  5  6  7  8  9 10 11 |
---------------+----------------------------------+-----
Poison Magic   | 4 5 6 7 8 |  8.8
Fighting       | 2 3 4 5 6 |  6.7
Evocations     | 2 3 4 5 6 7 |  7.3
Dodging        | 3 4 5 6 7 |  7.0
Shields        | 1 2 3 4 5 6 |  6.2
Spellcasting   | 3 4 5 6 |  6.4
Conjurations   | 2 3 4 |  4.1
Staves         | 2 3 4 |  4.1
Throwing       | |  1.0

Action                   |  1- 3 |  4- 6 |  7- 9 | 10-12 || total
-------------------------+-------+-------+-------+-------++-------
Melee: Spear             |    44 |   116 |       |       ||   160
       Constrict         |     9 |    30 |    33 |    16 ||    88
       Tentacles         |     3 |    22 |    40 |    21 ||    86
       Flail             |       |    14 |   110 |       ||   124
       Staff             |       |       |   115 |    66 ||   181
 Cast: Sting             |    36 |    85 |    75 |    29 ||   225
       Olgreb's Toxic Ra |       |       |    39 |    55 ||    94
  Use: Scroll            |     1 |     7 |     7 |     1 ||    16
       Potion            |       |       |     5 |     5 ||    10
 Stab: Distracted        |     1 |       |       |       ||     1
       Sleeping          |       |     2 |     3 |       ||     5
Armor: Skin              |     7 |    25 |    41 |    20 ||    93
Dodge: Dodged            |    18 |    85 |   154 |    64 ||   321
Block: Buckler           |       |    26 |    50 |    17 ||    93

Table legend: (Time is in decaauts)
 A = Elapsed time spent in this place.
 B = Non-inter-level travel time spent in this place.
 C = Inter-level travel time spent in this place.
 D = Time resting spent in this place.
 E = Time spent auto-exploring this place.
 F = Levels seen in this place.
 G = Mean time per level.
                   A        B        C        D        E       F      G
               +--------+--------+--------+--------+--------+-----+--------+
         Total |   9704 |   9361 |    343 |    437 |   6256 |  12 |  808.7 |
       Dungeon |   8734 |   8442 |    292 |    359 |   5843 |   9 |  970.4 |
        Temple |    258 |    207 |     51 |      0 |    194 |   1 |  258.0 |
         Sewer |    318 |    318 |      0 |      0 |    163 |   1 |  318.0 |
        Bailey |    393 |    393 |      0 |     78 |     56 |   1 |  393.0 |
               +--------+--------+--------+--------+--------+-----+--------+

Top non-repeatable levels by time:
     D:7: 1485 daAuts
     D:5: 1283 daAuts
     D:6: 1250 daAuts
     D:2: 1129 daAuts
     D:3: 994 daAuts
     D:8: 994 daAuts
     D:1: 977 daAuts
     D:4: 610 daAuts
  Bailey: 393 daAuts
   Sewer: 318 daAuts
  Temple: 258 daAuts
     D:9: 9 daAuts
